 Dungeon Crawl Stone Soup version 0.30.1 (webtiles) character file.

Game seed: 17606737165962149797

4600 Djon the Carver (level 10, -1/85 HPs)
             Began as a Merfolk Gladiator on July 9, 2023.
             Was a Believer of Ashenzari.
             Killed from afar by an electric eel (13 damage)
             ... with a bolt of electricity
             ... on level 8 of the Dungeon.
             The game lasted 00:14:18 (7941 turns).

Djon the Carver (Merfolk Gladiator)                 Turns: 7941, Time: 00:14:18

Health: -1/85      AC: 17    Str: 19    XL:     10   Next: 42%
Magic:  10/10      EV: 14    Int:  8    God:    Ashenzari [**....]
Gold:   448        SH:  0    Dex: 15    Spells: 9/9 levels left

rFire   . . .        B - +1 falchion (elec)
rCold   + . .        (no shield)
rNeg    . . .        C - +1 scale mail "Astrological Free Will" {rC+, Range, Melee} (curse)
rPois   .            c - +0 helmet "Cryptic Syndicalism" {Range, Melee} (curse)
rElec   .            z - +2 cloak
rCorr   .            (no gloves)
SInv    +            (no boots)
Will    +....        (no amulet) Stlth
                     l - ring "I Foresaw This" {AC+4, Self, Alch} (curse)
HPRegen 0.34/turn    w - ring of willpower
MPRegen 0.12/turn

%: no passive effects
@: no status effects
A: (nimble swimmer 2), mertail
a: Renounce Religion, Curse Item, Shatter the Chains


You were on level 8 of the Dungeon.
You worshipped Ashenzari.
Ashenzari was pleased with you.
You visited 1 branch of the dungeon, and saw 8 of its levels.
You also visited: Ossuary.

You collected 448 gold pieces.

Inventory:

Hand Weapons
 B - a +1 falchion of electrocution (weapon)
Missiles
 d - 3 throwing nets (quivered)
 e - a javelin
Armour
 c - the cursed +0 helmet "Cryptic Syndicalism" (worn) {Range, Melee}

   It has a curse which improves the following skills: Ranged Combat: Ranged
   Weapons and Throwing.
   Melee Combat: Short Blades, Long Blades, Axes, Maces & Flails, Polearms,
   Staves and Unarmed Combat.
 z - a +2 cloak (worn)
 C - the cursed +1 scale mail "Astrological Free Will" (worn) {rC+, Range, Melee}
   (You took it off an orc on level 5 of the Dungeon)

   It has a curse which improves the following skills: Ranged Combat: Ranged
   Weapons and Throwing.
   Melee Combat: Short Blades, Long Blades, Axes, Maces & Flails, Polearms,
   Staves and Unarmed Combat.
 D - a +1 scale mail of fire resistance
Jewellery
 l - the cursed ring "I Foresaw This" (left hand) {AC+4, Self, Alch}
   (You found it on level 2 of the Dungeon)

   [ring of protection]

   AC:        It affects your AC (+4).
   It has a curse which improves the following skills: Introspection: Fighting
   and Spellcasting.
   Alchemy:   Poison Magic and Transmutations.
 w - a ring of willpower (right hand)
Wands
 u - a wand of digging (8)
 v - a wand of polymorph (12)
 A - a wand of charming (11)
Scrolls
 a - a scroll of fog
 b - 3 scrolls of teleportation
 f - 17 scrolls of identify
 h - 3 scrolls of fear
 i - a scroll of noise
 k - 2 scrolls of amnesia
 n - 3 scrolls of enchant armour
 o - 2 scrolls of butterflies
 q - 3 scrolls of enchant weapon
 x - a scroll of magic mapping
 y - a scroll of blinking
Potions
 g - 2 potions of cancellation
 j - 3 potions of mutation
 m - 4 potions of curing
 p - 3 potions of might
 r - a potion of experience
 s - a potion of haste
 t - 2 potions of magic


   Skills:
 + Level 8.6(9.8) Fighting
 * Level 13.2(14.9) Long Blades
 - Level 2.0(3.3) Throwing
 + Level 5.7 Armour
 + Level 10.7 Dodging


You had 9 spell levels left.
You didn't know any spells.
Your spell library contained the following spells:

 Spells                   Type           Power      Damage    Failure   Level
 Sandblast                Erth           0%         2d4       77%         1
 Shock                    Conj/Air       0%         1d3       77%         1
 Passwall                 Tmut/Erth      0%         N/A       87%         2
 Ensorcelled Hibernation  Hex/Ice        0%         N/A       88%         2
 Stone Arrow              Conj/Erth      0%         3d7       98%         3
 Swiftness                Air            0%         N/A       98%         3
 Tukima's Dance           Hex            0%         N/A       98%         3
 Airstrike                Air            0%         2d(0-16)  100%        4
 Passage of Golubria      Tloc           0%         N/A       100%        4
 Yara's Violent Unravell  Hex/Tmut       0%         3d3       100%        5


Dungeon Overview and Level Annotations

Branches:
Dungeon (8/15)             Temple (0/1) D:7         Ossuary (visited)
   Lair: D:8-11

Altars:
Ashenzari
Trog
Yredelemnul

Shops:
D:7 (


Innate Abilities, Weirdness & Mutations

((You are very nimble when in or above water. (Stealth+, EV+, Speed+++)))
Your lower body shifts to a powerful aquatic tail in water.


Message History

No target in view!
No target in view!
No target in view!
An electric eel comes into view.
Found a scroll of enchant armour.
You see here a hound corpse.
You closely miss the hound. You miss the hound. The hound barely misses you.
You closely miss the hound. The hound closely misses you.
You hit the hound.
The hound is lightly wounded.
A hound comes into view.
The hound bites you but does no damage.
You hit the hound. Lightning courses through the hound!!
You kill the hound!
An electric eel comes into view.
You see here a scroll of brand weapon.
The electric eel shoots out a bolt of lightning at you!
The bolt of electricity hits you!
Found a +0 long sword and a scroll of identify.
The hound misses you. The hound barely misses you.
You hit the hound. Lightning courses through the hound!!
You kill the hound!
The electric eel shoots out a bolt of lightning at you!
The bolt of electricity hits the electric eel.
The electric eel completely resists.
The bolt of electricity hits you.
The electric eel shoots out a bolt of lightning at you!
The bolt of electricity hits you!
You are too injured to fight recklessly!
The electric eel shoots out a bolt of lightning at you!
The bolt of electricity hits the electric eel.
The electric eel completely resists.
The bolt of electricity hits you!
* * * LOW HITPOINT WARNING * * *
The electric eel shoots out a bolt of lightning at you!
The bolt of electricity hits you!
* * * LOW HITPOINT WARNING * * *
The electric eel shoots out a bolt of lightning at you!
The bolt of electricity hits the electric eel.
The electric eel completely resists.
The bolt of electricity hits you!
You die...

* .................. ,,
, *#..o.............. ,
, #.................
##................., ###
#..#####..........#
...####.. #))).......##
#.......#
####.).†......#
#......####....†##......
,
#............@##......,,
*#.............#.###...
#.......#####......... ~
#...†.### #...S.~.~. ~
#...### ##...S~..~
##..## #...~.~.~ ~
##...## #?..~≈~~~
###.....## #..~≈≈≈~≈ ~
##.......#* #..~~~~~~ ,
,


You could see 2 electric eels.

Vanquished Creatures
  A hornet (D:8)
  The ghost of Esekla the Grave Robber, an amateur DENe of Vehumet (D:4)
  2 wyverns (D:8)
  Eustachio (D:6)
  Menkaure (D:6)
  An acid dragon (D:6)
  A water moccasin (D:4)
  3 orc warriors
  3 ogres
  2 centaurs (D:7)
  A phantom (D:4)
  3 bullfrogs (D:7)
  3 scorpions
  12 wights
  2 howler monkeys (D:8)
  2 jellies
  5 hounds
  4 orc priests
  3 iguanas
  Ijyb (D:4)
  Natasha (D:2)
  4 sleepcaps
  5 orc wizards
  12 mummies (Ossuary)
  8 gnolls
  4 adders
  A shadow imp (D:4)
  A worm (D:2)
  3 dart slugs
  32 orcs
  10 endoplasms
  9 goblins
  7 hobgoblins
  5 jackals
  7 quokkas
  8 ball pythons
  4 bats
  3 frilled lizards
  3 gnoll skeletons (Ossuary)
  A goblin skeleton (Ossuary)
  6 kobolds
  2 kobold skeletons (Ossuary)
  2 orc skeletons (Ossuary)
  6 rats
  11 rat skeletons (Ossuary)
207 creatures vanquished.

Notes
Turn   | Place    | Note
-------+----------+-------------------------------------------
     0 | D:1      | Djon the Merfolk Gladiator began the quest for the Orb.
     0 | D:1      | Reached XP level 1. HP: 16/16 MP: 1/1
   169 | D:1      | Reached XP level 2. HP: 23/23 MP: 2/2
   263 | D:1      | Reached skill level 4 in Long Blades
   691 | D:1      | Found a faded altar of an unknown god.
   701 | D:1      | Prayed at the altar of an unknown god.
   701 | D:1      | Became a worshipper of Ashenzari the Shackled
   901 | D:2      | Reached XP level 3. HP: 28/28 MP: 3/3
  1088 | D:2      | Reached * piety under Ashenzari
  1496 | D:2      | Reached skill level 1 in Armour
  1496 | D:2      | Reached XP level 4. HP: 26/35 MP: 4/4
  1536 | D:2      | Noticed Natasha
  1568 | D:2      | Killed Natasha
  1575 | D:2      | Identified the cursed +0 helmet "Cryptic Syndicalism"
                  | {Range, Melee}
  1575 | D:2      | Identified the cursed +0 ring mail "Enigmatic Loss" {Self,
                  | Elem} (You found it on level 1 of the Dungeon)
  1795 | D:3      | Reached skill level 5 in Long Blades
  1795 | D:3      | Reached XP level 5. HP: 33/42 MP: 5/5
  2201 | D:3      | Reached skill level 5 in Dodging
  2782 | D:4      | Found a basalt altar of Yredelemnul.
  2813 | D:4      | Noticed a water moccasin
  2823 | D:4      | Killed a water moccasin
  2824 | D:4      | Reached skill level 6 in Long Blades
  2824 | D:4      | Reached XP level 6. HP: 49/49 MP: 6/6
  3220 | D:4      | Found a sand-covered staircase.
  3239 | Ossuary  | Entered an ossuary
  3256 | Ossuary  | Reached XP level 7. HP: 55/55 MP: 7/7
  3703 | Ossuary  | Reached skill level 7 in Long Blades
  3717 | Ossuary  | Reached skill level 11 in Long Blades
  3717 | Ossuary  | Reached XP level 8. HP: 69/69 MP: 8/8
  3766 | D:4      | Found a bloodstained altar of Trog.
  3767 | D:4      | Reached ** piety under Ashenzari
  3820 | D:4      | Noticed Ijyb
  3837 | D:4      | Killed Ijyb
  3864 | D:4      | Found a large runed translucent door.
  3865 | D:4      | Noticed Esekla's ghost (amateur DENe)
  3867 | D:4      | Found a large runed translucent door.
  4148 | D:4      | Killed Esekla's ghost
  4331 | D:5      | Entered Level 5 of the Dungeon
  4378 | D:5      | Reached skill level 5 in Armour
  4455 | D:4      | Reached skill level 12 in Long Blades
  4455 | D:4      | Reached XP level 9. HP: 28/77 MP: 9/9
  5339 | D:6      | Noticed Eustachio
  5371 | D:6      | Killed Eustachio
  5663 | D:6      | Reached skill level 10 in Dodging
  5860 | D:6      | Noticed Menkaure
  5887 | D:6      | Killed Menkaure
  6356 | D:7      | Found a staircase to the Ecumenical Temple.
  6852 | D:7      | Reached XP level 10. HP: 83/83 MP: 10/10
  6884 | D:7      | Found Ofaaruur's Antique Weapon Shop.
  7532 | D:8      | Reached skill level 13 in Long Blades
  7941 | D:8      | Killed from afar by an electric eel

Illustrated notes

Levels and vault maps discovered:
D:1:      dpeg_arrival_connections, layout_basic, basic_ecumenical_altar
D:2:      layout_basic, chequers_serial_rivers_marsh, minmay_box_of_dots,
          uniq_natasha
D:3:      layout_loops_corners, minmay_misc_feat_more_columns
D:4:      layout_loops_cross, lightli_temple_of_fire, yredelemnul_altar_generic,
          chequers_ossuary_entry_cave, ebering_ghost_disaster_area,
          st_stairs_14, minmay_liquid_box, kennysheep_nondescript, uniq_ijyb
D:5:      layout_rooms, serial_glass, glass_columns_a, glass_columns_b
D:6:      layout_loops_ring, uniq_eustachio, uniq_menkaure
D:7:      layout_cave_pods, temple_statues, serial_shops,
          nicolae_shop_real_fake_doors
D:8:      layout_layer_cave, erik_lair_island

Skill      XL: |  1  2  3  4  5  6  7  8  9 10 |
---------------+-------------------------------+-----
Long Blades    | 4 5 6 11 12 13 | 13.2
Armour         | 1 2 4 5 |  5.7
Fighting       | 3 7 8 |  8.6
Dodging        | 5 9 10 | 10.7
Throwing       | |  2.0

Action                     |  1- 3 |  4- 6 |  7- 9 | 10-12 || total
---------------------------+-------+-------+-------+-------++-------
  Melee: Long sword        |   108 |   153 |   382 |       ||   643
         Punch             |     2 |     2 |     5 |     4 ||    13
         Falchion          |       |       |    54 |   121 ||   175
 Invoke: Curse Item        |     2 |       |     3 |       ||     5
         Shatter the Chain |       |       |     2 |       ||     2
    Use: Potion            |       |     3 |     2 |       ||     5
         Scroll            |       |       |     1 |       ||     1
 Armour: Leather armour    |     5 |       |       |       ||     5
         Ring mail         |    33 |    52 |    54 |       ||   139
         Skin              |       |    11 |       |       ||    11
         Scale mail        |       |       |    45 |    42 ||    87
  Dodge: Dodged            |    66 |   102 |   198 |    66 ||   432
